Map: Automaton LE

Players

Gamewiz

  • Race: Protoss Protoss
  • League: Gold
  • Spawn Location: 9:00

Darksidezoom - Winner!

  • Race: Protoss Protoss
  • League: Diamond
  • Spawn Location: 3:00

VOD

Have the link to the VOD?

Description

Time

  • Played on: Feb. 4, 2019, 9:21 p.m.
  • Length: 14:34
Show
View Real Time Build Order
Export as new Build Order

Gamewiz Protoss 

Build Orders: Double Forge 

Get SALT Encoding   

  12  0:01  Probe  
  13  0:16  Pylon  
  13  0:17  Probe  
  14  0:25  Probe  
  14  0:33  Probe  
  15  0:42  Gateway  
  16  0:48  Assimilator  
  16  0:49  Probe  
  17  1:01  Probe  
  18  1:13  Probe  
  19  1:26  Probe  
  19  1:30  Zealot  
  22  1:33  Pylon  
  22  1:35  Cybernetics Core  
  22  1:37  Gateway  
  22  1:41  Probe  
  23  2:12  Forge  
  23  2:15  Pylon  
  21  2:29  Stalker  
  23  2:31  Pylon  
  23  2:46  Photon Cannon  
  23  2:54  Photon Cannon  
  23  3:06  Photon Cannon  
  23  3:09  Photon Cannon  
  23  3:12  Pylon  
  23  3:29  Photon Cannon  
  23  3:41  Probe  
  23  3:44  Photon Cannon  
  23  3:47  Gateway  
  24  3:49  Probe  
  25  3:56  Forge  
  25  4:06  Photon Cannon  
  25  4:18  Probe  
  26  4:28  Photon Cannon  
  26  4:30  Probe  
  27  4:32  Pylon  
  27  4:44  Photon Cannon  
  27  4:53  Photon Cannon  
  27  5:03  Photon Cannon  
  27  5:19  Gateway  
  27  5:24  Cybernetics Core  
  25  5:45  Photon Cannon  
  25  5:50  Probe  
  26  5:58  Probe  
  27  6:08  Shield Battery, Probe  
  27  6:15  Stalker  
  27  6:16  Stalker  
  31  6:20  Probe  
  32  6:27  Robotics Facility  
  32  6:33  Photon Cannon  
  32  6:57  Warp Gate  
  31  7:02  Stalker  
  31  7:03  Stalker  
  31  7:07  Immortal  
  41  8:00  Immortal  
  37  8:16  Photon Cannon  
  41  8:41  Photon Cannon  
  37  8:56  Shield Battery  
  37  8:59  Stalker x2  
  29  9:21  Shield Battery  
  29  9:24  Immortal  
  29  9:26  Stalker  
  29  9:27  Stalker  
  33  9:56  Stalker  
  33  9:57  Stalker  
  33  10:23  Pylon  
  27  10:29  Stalker  
  27  10:30  Stalker  
  31  10:37  Immortal  
  31  10:46  Gateway  
  31  10:49  Pylon  
  29  11:06  Stalker  
  29  11:08  Zealot  
  33  11:18  Gateway  
  33  11:22  Assimilator  
  31  11:35  Zealot x2  
  31  11:38  Twilight Council  
  35  11:44  Probe  
  36  11:56  Probe  
  33  12:02  Zealot x3  
  38  12:12  Zealot  
  37  12:20  Warp Prism  
  33  12:24  Assimilator  
  35  12:38  Dark Shrine  
  34  13:19  Zealot x2  
  38  13:20  Zealot  
  38  13:21  Zealot  
  26  13:52  Dark Templar  
Show
View Real Time Build Order
Export as new Build Order

Darksidezoom Protoss - Winner!

Build Orders:  

Get SALT Encoding   

  12  0:01  Probe  
  13  0:13  Probe  
  14  0:20  Pylon  
  14  0:26  Probe  
  15  0:38  Probe  
  16  0:48  Forge  
  16  0:53  Probe  
  17  1:06  Pylon  
  16  1:36  Photon Cannon  
  16  1:40  Photon Cannon  
  16  1:44  Pylon  
  16  2:11  Gateway  
  16  2:16  Photon Cannon  
  16  2:21  Photon Cannon  
  16  2:32  Probe  
  17  2:38  Photon Cannon  
  17  2:40  Photon Cannon  
  17  2:42  Pylon  
  17  2:51  Gateway  
  17  3:01  Photon Cannon  
  17  3:03  Photon Cannon  
  17  3:10  Pylon  
  17  3:17  Zealot  
  18  3:31  Zealot  
  18  3:33  Cybernetics Core  
  20  3:50  Zealot  
  22  4:04  Pylon  
  22  4:17  Pylon  
  20  4:30  Shield Battery  
  20  4:33  Shield Battery  
  20  4:43  Photon Cannon  
  20  4:45  Photon Cannon  
  19  4:51  Pylon  
  19  4:55  Probe  
  20  5:07  Probe  
  21  5:14  Assimilator  
  21  5:19  Probe  
  22  5:31  Probe  
  23  5:43  Probe  
  24  5:55  Probe  
  25  6:01  Warp Gate  
  25  6:07  Probe  
  26  6:12  Gateway  
  26  6:15  Zealot  
  26  6:30  Probe  
  26  6:31  Assimilator  
  27  6:42  Probe  
  28  6:51  Nexus  
  28  7:00  Stalker  
  60  7:01  Stalker  
  28  7:04  Robotics Facility  
  30  7:30  Pylon  
  30  7:31  Pylon  
  30  7:34  Pylon  
  30  7:40  Immortal  
  30  7:42  Twilight Council  
  34  8:07  Immortal  
  34  8:08  Pylon  
  38  8:48  Shield Battery  
  38  8:50  Shield Battery  
  38  8:52  Shield Battery  
  38  8:58  Immortal  
  42  9:18  Stalker x2  
  46  9:36  Shield Battery x2  
  44  9:38  Shield Battery  
  39  9:48  Stalker  
  37  9:56  Immortal  
  37  10:15  Stalker  
  39  10:37  Immortal  
  41  11:05  Immortal  
  45  11:34  Immortal  
  41  11:44  Probe  
  41  11:45  Probe  
  47  11:56  Probe  
  47  11:57  Probe  
  49  12:08  Probe  
  50  12:10  Immortal  
  38  12:29  Stalker x2  
  46  12:42  Immortal  
  49  13:28  Immortal  
Tags
 
Matchup
PvP
Spawn Locations
Cross Positions
Add a new tag
Caveats
  • Supply blocks, unpowered buildings, or Contaminate may cause inaccurate times.
  • Supply counts are checked every 10 seconds.